 Dungeon Crawl Stone Soup version 0.31-a0-217-g58bb5d79cf (webtiles) character file.

Game seed: 17071726408749817207

116 qw the Shooter (level 5, -1/31 HPs)
             Began as a Gargoyle Hexslinger on July 2, 2023.
             Slain by an orc
             ... wielding a +0 dagger
              (3 damage)
             ... on level 4 of the Dungeon.
             The game lasted 00:00:56 (1997 turns).

qw the Shooter (Gargoyle Hexslinger)                Turns: 1997, Time: 00:00:57

Health: -1/31      AC:  7    Str: 12    XL:     5   Next: 1%
Magic:  6/6        EV: 11    Int: 13    God:
Gold:   97         SH:  0    Dex: 14    Spells: 5/6 levels left

rFire   . . .        Y - +1 sling
rCold   + . .        (no shield)
rNeg    + . .        b - +0 leather armour
rPois   inf          (no helmet)
rElec   +            (no cloak)
rCorr   .            (no gloves)
SInv    .            (no boots)
Will    .....        (no amulet)
Stlth   +            j - ring of protection from cold
HPRegen 0.25/turn    (no ring)
MPRegen 0.10/turn

%: no passive effects
@: no status effects
A: sickness immunity, AC +4, negative energy resistance 1, electricity
resistance, torment resistance 1, petrification resistance
a: no special abilities


You were on level 4 of the Dungeon.
You visited 1 branch of the dungeon, and saw 4 of its levels.

You collected 97 gold pieces.


Innate Abilities, Weirdness & Mutations

You are immune to sickness and miasma.
Your stone body is resilient. (AC +4)
You are immune to poison.
You resist negative energy. (rN+)
You are resistant to electric shocks. (rElec)
You are resistant to unholy torment.
You are immune to petrification.


   Skills:
 - Level 2.3 Fighting
 + Level 4.5 Ranged Weapons
 - Level 1.5 Dodging
 - Level 1.0 Spellcasting
 - Level 2.6 Hexes


You had 5 spell levels left.
You knew the following spells:

 Your Spells              Type           Power      Damage    Failure   Level
a - Slow                  Hex            28%        N/A       12%         1

Your spell library contained the following spells:

 Spells                   Type           Power      Damage    Failure   Level
 Inner Flame              Hex/Fire       4%         N/A       52%         3
 Portal Projectile        Hex/Tloc       8%         N/A       52%         3
 Cause Fear               Hex            3%         N/A       75%         4

Inventory:

Hand Weapons
 Y - a +1 sling (weapon)
Armour
 b - a +0 leather armour (worn)
Jewellery
 j - a ring of protection from cold (left hand)
Scrolls
 i - a scroll of identify
Potions
 d - a potion of resistance
 e - a potion of mutation {unknown}
 f - a potion of magic {unknown}
 g - a potion of berserk rage {unknown}

Dungeon Overview and Level Annotations

Branches:
Dungeon (4/15)
 Temple: D:4-7

Altars:

Shops:
D:3 (

Annotations:
D:3 2 transporters


Message History

The scorpion barely misses you.
You shoot a sling bullet.
The sling bullet closely misses the scorpion.
The scorpion closely misses you.
The scorpion stings you but does no damage.
You shoot a sling bullet.
The sling bullet closely misses the scorpion.
The scorpion stings you.
You shoot a sling bullet.
The sling bullet hits the scorpion but does no damage.
The scorpion is moderately wounded.
The scorpion stings you. The orc hits you with a +0 dagger.
The scorpion stings you.
You shoot a sling bullet. The sling bullet hits the scorpion.
The scorpion is heavily wounded.
The orc hits you with a +0 dagger. The scorpion misses you.
You shoot a sling bullet.
The sling bullet hits the scorpion but does no damage.
The scorpion is heavily wounded.
The orc barely misses you.
The scorpion stings you but does no damage.
The orc hits you with a +0 dagger.
You shoot a sling bullet.
The sling bullet hits the scorpion but does no damage.
The scorpion is heavily wounded.
The scorpion barely misses you. The scorpion stings you.
The orc hits you but does no damage.
You shoot a sling bullet.
The sling bullet closely misses the scorpion.
The scorpion stings you but does no damage.
The orc hits you with a +0 dagger.
The scorpion stings you but does no damage.
You shoot a sling bullet. The sling bullet hits the scorpion.
The scorpion is severely wounded.
The orc hits you with a +0 dagger.
The scorpion stings you but does no damage.
You shoot a sling bullet. The sling bullet hits the scorpion.
The scorpion is almost dead.
The orc hits you with a +0 dagger.
You die...

#########
#.......#
#.#####.#
#####.#####.#
#........##.#
#.###)##.##.#
#<..o...#
#####@### #s#
#.# #.# ...
... ... .....


You could see a scorpion and an orc.

Vanquished Creatures
  A hound (D:3)
  An adder (D:2)
  A worm (D:3)
  4 dart slugs
  An orc (D:3)
  2 endoplasms
  3 giant cockroaches
  14 goblins
  2 hobgoblins
  5 quokkas
  5 ball pythons
  5 bats
  3 frilled lizards
  15 kobolds
  4 rats
66 creatures vanquished.

Notes
Turn   | Place    | Note
-------+----------+-------------------------------------------
     0 | D:1      | qw the Gargoyle Hexslinger began the quest for the Orb.
     0 | D:1      | Reached XP level 1. HP: 12/12 MP: 2/2
     0 | D:1      | 0 ||| qw: Version: 0.3-a-40-ge99b1a8
     0 | D:1      | 0 ||| qw: Game counter: 78
     0 | D:1      | 0 ||| qw: Melee chars always use a shield: true
     0 | D:1      | 0 ||| qw: God list: Okawaru
     0 | D:1      | 0 ||| qw: Allow faded altars: false
     0 | D:1      | 0 ||| qw: Do Orc after clearing Dungeon:15 true
     0 | D:1      | 0 ||| qw: Do second Lair branch before Depths: true
     0 | D:1      | 0 ||| qw: Lair rune preference: random
     0 | D:1      | 0 ||| qw: Goals: Normal
     0 | D:1      | 0 ||| PLANNING D:1-11
   119 | D:1      | Reached XP level 2. HP: 16/16 MP: 3/3
   217 | D:1      | Reached skill level 3 in Ranged Weapons
   704 | D:1      | 704 ||| READING scroll labelled PAROTE SOZI.
   705 | D:1      | 705 ||| DROPPING scroll of poison.
   746 | D:2      | Reached XP level 3. HP: 21/21 MP: 4/4
   815 | D:2      | 815 ||| FLEEEEING.
   818 | D:2      | 818 ||| Stepping ~*~*~tactically~*~*~ (outnumbered).
  1078 | D:2      | Found a faded altar of an unknown god.
  1206 | D:2      | 1206 ||| UPGRADING to +0 leather armour.
  1216 | D:2      | 1216 ||| DROPPING +0 robe.
  1217 | D:2      | 1217 ||| READING 4 scrolls labelled XUATARCH ODIA.
  1218 | D:2      | 1218 ||| READING scroll labelled SAUDGH QEZIH.
  1233 | D:2      | 1233 ||| READING 2 scrolls labelled AXEPOLLONU.
  1234 | D:2      | 1234 ||| DRINKING 2 yellow potions.
  1235 | D:2      | 1235 ||| DROPPING 3 scrolls of amnesia.
  1236 | D:2      | 1236 ||| DROPPING potion of invisibility.
  1265 | D:3      | Found a transporter.
  1274 | D:3      | Found Ecopymol's Weapon Shop.
  1282 | D:3      | Reached XP level 4. HP: 27/27 MP: 5/5
  1535 | D:3      | Reached skill level 4 in Ranged Weapons
  1543 | D:3      | Found a transporter.
  1732 | D:3      | Found the +7 Throatcutter {drain, coup de grace}
  1938 | D:3      | 1938 ||| UPGRADING to ring of protection from cold.
  1939 | D:3      | 1939 ||| READING scroll labelled EQUPSI TUOXUME.
  1940 | D:3      | 1940 ||| READING scroll labelled UFUKHL CAMM.
  1943 | D:3      | 1943 ||| READING 3 scrolls of identify.
  1943 | D:3      | 1943 ||| IDENTIFYING puce potion
  1944 | D:3      | 1944 ||| READING 2 scrolls of identify.
  1944 | D:3      | 1944 ||| IDENTIFYING fizzy cyan potion
  1945 | D:3      | 1945 ||| DROPPING potion of lignification.
  1959 | D:4      | 1959 ||| PLANNING SEWER
  1962 | D:4      | Reached XP level 5. HP: 31/31 MP: 6/6
  1994 | D:4      | HP: 7/31 [scorpion (1)]
  1996 | D:4      | HP: 2/31 [orc/+0 dagger (4)]
  1997 | D:4      | Slain by an orc

Levels and vault maps discovered:
D:1:      dpeg_arrival_rooms_c, layout_basic, minmay_ruptured
D:2:      layout_basic, dreamdust_ecumenical_altar_statues, minmay_tall_x
D:3:      gammafunk_steamed_eel, layout_rooms, serial_shops, shop,
          chequers_serial_rivers_small_a, dilly_guarded_unrand_throatcut
D:4:      layout_loops_cross, cheibrodos_sewer_entry_bend, minmay_bisected

Skill      XL: |  1  2  3  4 |
---------------+-------------+-----
Ranged Weapons | 3 4 |  4.5
Fighting       | 2 |  2.3
Dodging        | |  1.5
Spellcasting   | |  1.0
Hexes          | |  2.6

Action                     |  1- 3 |  4- 6 || total
---------------------------+-------+-------++-------
   Fire: Sling             |   116 |   107 ||   223
    Use: Scroll            |     4 |     4 ||     8
         Potion            |     1 |       ||     1
 Armour: Robe              |    16 |       ||    16
         Leather armour    |       |    24 ||    24
  Dodge: Dodged            |    27 |    31 ||    58

Table legend:
 A = Non-vault XP
 B = Vault XP
 C = Vault XP percentage of total XP
 D = Non-vault monster count
 E = Vault monster count
 F = Vault count percentage of total count
                 A         B        C        D         E       F
            +---------+---------+-------+---------+---------+-------
      Total |     150 |      17 |  10.2 |      53 |      13 |  19.7
            +---------+---------+-------+---------+---------+-------
        D:1 |      31 |       2 |   6.1 |      16 |       1 |   5.9
        D:2 |      39 |       7 |  15.2 |      16 |       4 |  20.0
        D:3 |      76 |       8 |   9.5 |      19 |       8 |  29.6
        D:4 |       4 |       0 |   0.0 |       2 |       0 |   0.0
            +---------+---------+-------+---------+---------+-------
